 Dungeon Crawl Stone Soup version 0.27-a0-1193-g8631133539 (webtiles) character file.

Game seed: 14356043896451299963

166 EnegeticOcto the Magician (level 5, 0/35 HPs)
             Began as a Djinni Earth Elementalist on May 25, 2021.
             Was a Follower of Cheibriados.
             Slain by a jackal (2 damage)
             ... on level 3 of the Dungeon.
             The game lasted 00:05:53 (975 turns).

EnegeticOcto the Magician (DjEE)                     Turns: 975, Time: 00:05:54

Health: 0/35       AC:  3    Str: 10    XL:     5   Next: 76%
Gold:   82         EV: 12    Int: 22    God:    Cheibriados [*.....] SH:  0 Dex: 17

rFire    + + .     SeeInvis .   m - +0 dagger (elec)
rCold    x . .     Faith    .   (no shield)
rNeg     . . .     Spirit   .   c - +0 robe
rPois    ∞         Reflect  .   (no helmet)
rElec    .         Harm     .   h - +0 cloak
rCorr    .         Rampage  .   (no gloves)
Will     .....                  (boots unavailable)
Stlth    ++........             (no amulet)
HPRegen  0.11/turn              (no ring)
MPRegen  0.00/turn              (no ring)

@: flying, very slow
A: sickness immunity, fire resistance 2, cold vulnerability 1, float, innate
caster, hp casting, extra vitality 1, clever 1, deterioration 1
a: Renounce Religion, Bend Time


You were on level 3 of the Dungeon.
You worshipped Cheibriados.
Cheibriados was aware of your devotion.
You visited 1 branch of the dungeon, and saw 4 of its levels.

You collected 82 gold pieces.

Inventory:

Hand Weapons
 g - a +0 quarterstaff
   (You found it on level 3 of the Dungeon)
 m - a +0 dagger of electrocution (weapon)
   (You took it off a goblin on level 1 of the Dungeon)
Missiles
 a - 15 poisoned darts
 b - 27 stones
 e - a throwing net {!f}
Armour
 c - a +0 robe (worn)
 f - a +2 ring mail of positive energy
   (You found it on level 2 of the Dungeon)
 h - a +0 cloak (worn)
   (You found it on level 3 of the Dungeon)
Jewellery
 d - an amulet of faith
   (You found it on level 3 of the Dungeon)
Wands
 i - a wand of paralysis (7)
   (You found it on level 3 of the Dungeon)
Scrolls
 p - a scroll of blinking {@r4}
Potions
 j - 3 potions of curing {@q1 !q}


   Skills:
 - Level 2.1 Dodging
 - Level 1.5 Stealth
 + Level 4.6 Spellcasting


You couldn't memorise any spells.
You knew the following spells:

 Your Spells              Type           Power      Damage    Failure   Level
a - Sandblast             Erth           50%        2d12      1%          1
b - Stone Arrow           Conj/Erth      50%        3d10      4%          3
c - Petrify               Tmut/Erth      25%        N/A       16%         4
d - Lee's Rapid Deconstr  Erth           12%        3d10*     41%         5
e - Magic Dart            Conj           100%       1d8       1%          1
f - Corpse Rot            Necr/Air       N/A        N/A       2%          2
p - Passwall              Tmut/Erth      20%        N/A       2%          2
Your spell library was empty.

Dungeon Overview and Level Annotations

Branches:
Dungeon (4/15)
 Temple: D:4-7

Altars:
Cheibriados


Innate Abilities, Weirdness & Mutations

You are immune to sickness and miasma.
You are immune to poison.
Your flesh is very heat resistant. (rF++)
You are vulnerable to cold. (rC-)
You float through the air rather than walking.
You learn spells naturally, not from books.
Your magical power is your life essence.
You have superior vitality. (+4 HP)
Your mind is acute. (Int +2)
Your body sometimes deteriorates upon taking damage.


Message History

You kill the jelly!
Cheibriados appreciates the change of pace.
* * * LOW HITPOINT WARNING * * *
You are no longer corroded.
Found a dented garnet amulet.
A rat comes into view.
Unknown command.
d - an amulet of faith A jackal comes into view.
A jackal comes into view.
The jackal barks! x2
A jackal comes into view.
Casting: Sandblast (safe; 1% risk of failure)
Confirm with . or Enter, or press ? or * to list all spells.
Aiming: Sandblast (safe; 1% risk of failure)
Press: ? - help, Shift-Dir - straight line, f - jackal
Aim: a jackal (76% to hit)
The blast of sand hits the jackal!
You kill the jackal!
Cheibriados appreciates the change of pace.
Casting: Sandblast (safe; 1% risk of failure)
Confirm with . or Enter, or press ? or * to list all spells.
Aiming: Sandblast (safe; 1% risk of failure)
Press: ? - help, Shift-Dir - straight line, f - jackal
Aim: a jackal (76% to hit)
The blast of sand misses the jackal.
* * * LOW HITPOINT WARNING * * *
The jackal bites you.
* * * LOW HITPOINT WARNING * * *
Casting: Sandblast (safe; 1% risk of failure)
Confirm with . or Enter, or press ? or * to list all spells.
Aiming: Sandblast (safe; 1% risk of failure)
Press: ? - help, Shift-Dir - straight line, f/p - jackal
Aim: a jackal (76% to hit)
The blast of sand hits the jackal!!
You kill the jackal!
Cheibriados thoroughly appreciates the change of pace.
* * * LOW HITPOINT WARNING * * *
Casting: Sandblast (safe; 1% risk of failure)
Confirm with . or Enter, or press ? or * to list all spells.
Aiming: Sandblast (safe; 1% risk of failure)
Press: ? - help, Shift-Dir - straight line, f - jackal
Aim: a jackal (76% to hit)
The blast of sand hits the jackal.
The jackal is almost dead.
* * * LOW HITPOINT WARNING * * *
The jackal bites you.
* * * LOW HITPOINT WARNING * * *
The jackal bites you.
* * * LOW HITPOINT WARNING * * *
Casting: Sandblast (safe; 1% risk of failure)
Confirm with . or Enter, or press ? or * to list all spells.
Aiming: Sandblast (safe; 1% risk of failure)
Press: ? - help, Shift-Dir - straight line, f/p - jackal
Aim: a jackal (almost dead, 76% to hit)
The blast of sand hits the jackal but does no damage.
The jackal is almost dead.
* * * LOW HITPOINT WARNING * * *
The jackal bites you but does no damage.
Casting: Sandblast (safe; 1% risk of failure)
Confirm with . or Enter, or press ? or * to list all spells.
Aiming: Sandblast (safe; 1% risk of failure)
Press: ? - help, Shift-Dir - straight line, f/p - jackal
Aim: a jackal (almost dead, 76% to hit)
The blast of sand misses the jackal.
* * * LOW HITPOINT WARNING * * *
The jackal bites you.
* * * LOW HITPOINT WARNING * * *
Casting: Sandblast (safe; 1% risk of failure)
Confirm with . or Enter, or press ? or * to list all spells.
You don't have enough health to cast this spell.
Casting: Sandblast (safe; 1% risk of failure)
Confirm with . or Enter, or press ? or * to list all spells.
You don't have enough health to cast this spell.
Casting: Sandblast (safe; 1% risk of failure)
Confirm with . or Enter, or press ? or * to list all spells.
You don't have enough health to cast this spell.
You closely miss the jackal.
The jackal is almost dead.
The jackal bites you but does no damage.
The jackal closely misses you.
You closely miss the jackal.
The jackal is almost dead.
The jackal barely misses you.
You hit the jackal but do no damage.
The jackal is almost dead.
The jackal misses you.
The jackal bites you but does no damage.
You barely miss the jackal.
The jackal is almost dead.
The jackal bites you but does no damage.
You hit the jackal. Lightning courses through the jackal!
You kill the jackal!
Cheibriados thoroughly appreciates the change of pace.
Cheibriados raises the support of your attributes as your movement slows.
The jackal completely misses you.
You hit the jackal.
The jackal is heavily wounded.
The jackal bites you.
You die...

..........:..,,,,,,,,*
#.#######.
.......#..#.*#,*,,,,,*
#.........
######.#,...**,*,,,,,*
####.##### .#
*...,,.**,******* #.#
.# *##..##**,*
##########.# .#
*.....,,* #..r....##.#
.# **..,..,*
#.#***#.##.# .#
*<..###.###.#####.##.#
.#
*,#.....h@.....##.##.#
.#
*,..###.###.##.......#
## **####,***#,*
#.#####.####
.###.....,,,,,,*
#.......#
.........*******
######### ..#*,#*,,*
..##.#*,,* .....#*..#
..#####..*


You could see a jackal.

Vanquished Creatures
  A scorpion (D:3)
  A jelly (D:3)
  A hound zombie (D:3)
  2 adders (D:3)
  A worm (D:2)
  2 dart slugs (D:1)
  4 ball pythons
  2 bats (D:1)
  An endoplasm (D:3)
  2 goblins
  2 hobgoblins
  9 jackals
  4 kobolds
  A quokka (D:3)
  A frilled lizard (D:3)
  4 rats
38 creatures vanquished.

Notes
Turn   | Place    | Note
-------+----------+-------------------------------------------
     0 | D:1      | EnegeticOcto the Djinni Earth Elementalist began the quest
                  | for the Orb.
     0 | D:1      | Reached XP level 1. HP: 15/15 MP: 0/0
   188 | D:3      | Noticed a scorpion
   195 | D:3      | Killed a scorpion
   196 | D:3      | Reached skill level 3 in Spellcasting
   196 | D:3      | Reached XP level 2. HP: 5/21 MP: 0/0
   196 | D:3      | Reached XP level 3. HP: 6/25 MP: 0/0
   196 | D:3      | Learned a level 1 spell: Magic Dart
   196 | D:3      | Reached XP level 4. HP: 7/31 MP: 0/0
   217 | D:3      | HP: 1/31 [adder (3)]
   284 | D:3      | Reached skill level 4 in Spellcasting
   302 | D:3      | Reached XP level 5. HP: 7/35 MP: 0/0
   302 | D:3      | Learned a level 2 spell: Corpse Rot
   713 | D:3      | Gained mutation: Your body sometimes deteriorates upon
                  | taking damage. [potion of mutation]
   713 | D:3      | Gained mutation: Your mind is acute. (Int +2) [potion of
                  | mutation]
   823 | D:3      | Found a faded altar of an unknown god.
   831 | D:3      | Became a worshipper of Cheibriados the Contemplative
   831 | D:3      | Reached * piety under Cheibriados
   969 | D:3      | HP: 1/35 [jackal (2)]
   975 | D:3      | Slain by a jackal

Illustrated notes

Levels and vault maps discovered:
D:1:      psy_arrival_dodecagon, layout_basic, serial_shops,
          nicolae_shop_behind_doors, chequers_decorated_corner
D:2:      minmay_door_path, layout_rooms, basic_altar
D:3:      layout_loops_cross, shapermc_ecumenical_altar_flowoftime
D:4:      layout_basic, grunt_temple_overflow_holy_war, lemuel_round_altar,
          minmay_temple_entry_slanted, nicolae_zen_rock_garden, minmay_cupped

Skill      XL: |  1  2  3  4 |
---------------+-------------+-----
Spellcasting   | 3 4 |  4.6
Dodging        | |  2.1
Stealth        | |  1.5

Action                   |  1- 3 |  4- 6 || total
-------------------------+-------+-------++-------
Melee: Quarterstaff      |     1 |     6 ||     7
       Dagger            |       |    23 ||    23
 Cast: Sandblast         |    11 |    47 ||    58
       Passwall          |       |     3 ||     3
Evoke: Wand              |       |     1 ||     1
  Use: Scroll            |       |     6 ||     6
       Potion            |       |     5 ||     5
 Stab: Paralysed         |       |     5 ||     5
       Sleeping          |       |     4 ||     4
Armor: Robe              |     1 |    18 ||    19
Dodge: Dodged            |     7 |    46 ||    53

Table legend: (Time is in decaauts)
 A = Elapsed time spent in this place.
 B = Non-inter-level travel time spent in this place.
 C = Inter-level travel time spent in this place.
 D = Time resting spent in this place.
 E = Time spent auto-exploring this place.
 F = Levels seen in this place.
 G = Mean time per level.
                   A        B        C        D        E       F      G
               +--------+--------+--------+--------+--------+-----+--------+
         Total |   1030 |   1005 |     25 |      0 |      0 |   4 |  257.5 |
       Dungeon |   1030 |   1005 |     25 |      0 |      0 |   4 |  257.5 |
               +--------+--------+--------+--------+--------+-----+--------+

Top non-repeatable levels by time:
     D:3: 479 daAuts
     D:1: 301 daAuts
     D:2: 241 daAuts
     D:4: 8 daAuts
